 Dungeon Crawl Stone Soup version 0.31-a0-844-gdc52ec4e09 (webtiles) character file.

Game seed: 16897172586673075523

1289 riojii the Ruffian (level 8, -8/61 HPs)
             Began as a Demonspawn Shapeshifter on Sept 28, 2023.
             Was an Initiate of Qazlal.
             Mangled by a vampire (10 damage)
             ... on level 5 of the Dungeon.
             The game lasted 00:07:11 (5014 turns).

riojii the Ruffian (Demonspawn Shapeshifter)        Turns: 5014, Time: 00:07:11

Health: -8/61      AC: 14    Str: 16    XL:     8   Next: 30%
Magic:  8/8        EV: 10    Int: 12    God:    Qazlal [......]
Gold:   355        SH:  0    Dex: 15    Spells: 7/7 levels left

rFire   . .          .
                       - Unarmed
rCold   . . .        (no shield)
rNeg    . . .        k - +0 plate armour
rPois   .            (helmet currently unavailable)
rElec   .            (cloak currently unavailable)
rCorr   .            (gloves currently unavailable)
SInv    .            (boots currently unavailable)
Will    .....        (no amulet) Stlth
                     d - +4 ring of protection
HPRegen 0.30/turn    (no ring)
MPRegen 0.11/turn

%: no passive effects
@: agile, beast-form, studying Shapeshifting
A: beast (slay +3), claws 1, thin skeletal structure 1, foul stench 2, powered
by pain 1
a: Begin Untransformation, Renounce Religion


You were on level 5 of the Dungeon.
You worshipped Qazlal.
Qazlal was noncommittal.
You were a hulking beast.
You visited 2 branches of the dungeon, and saw 7 of its levels.

You collected 355 gold pieces.

Inventory:

Missiles
 a - a throwing net
Armour
 k - a +0 plate armour (worn)
 o - a +1 cloak
Jewellery
 d - a +4 ring of protection (left claw)
 r - an amulet of magic regeneration
Talismans
 c - a beast talisman (active)
Wands
 m - a wand of polymorph (10)
 u - a wand of charming (6)
Scrolls
 i - a scroll of fog {unknown}
 n - a scroll of poison
 p - a scroll of teleportation {unknown}
 q - 2 scrolls of revelation {unknown}
 s - 2 scrolls of identify
 t - a scroll of silence {unknown}
 v - a scroll of enchant armour
 x - a scroll of blinking {unknown}
Potions
 b - a potion of lignification
 e - 2 potions of curing
 f - 3 potions of enlightenment {unknown}
 g - a potion of cancellation {unknown}
 h - a potion of haste {unknown}
 j - a potion of heal wounds {unknown}
 l - a potion of invisibility {unknown}
 w - a potion of ambrosia {unknown}


   Skills:
 + Level 4.4 Fighting
 + Level 4.4 Dodging
 * Level 6.4 Unarmed Combat
 + Level 5.5 Shapeshifting


You had 7 spell levels left.
You didn't know any spells.
Your spell library contained the following spells:

 Spells                   Type           Power      Damage    Failure   Level
 Ensorcelled Hibernation  Hex/Ice        0%         N/A       100%        2
 Passwall                 Tmut/Erth      0%         N/A       100%        2
 Ignite Poison            Fire/Tmut/Pois 0%         N/A       100%        3
 Swiftness                Air            0%         N/A       100%        3
 Sticky Flame             Conj/Fire      0%         2d3       100%        4
 Ignition                 Fire           0%         3d3       100%        8


Dungeon Overview and Level Annotations

Branches:
Dungeon (6/15)             Temple (1/1) D:6

Altars:
Ashenzari
Dithmenos
Fedhas
Gozag
Hepliaklqana
Kikubaaqudgha
Makhleb
Nemelex Xobeh
Qazlal
Sif Muna
Trog
Uskayaw
Vehumet
Wu Jian
Xom

Annotations:
D:4 3 runed translucent doors, Frenzy's ghost, weakling GrMo; IdlyInterested's ghost, amateur DsGl


Innate Abilities, Weirdness & Mutations

You are a hulking beast.
Your limbs bulge with bestial killing power. (Slay +3)
You have sharp fingernails.
You have a somewhat thin skeletal structure. (Dex +2, Stealth+)
You sometimes emit foul miasma when damaged in melee.
You sometimes gain a little power by taking damage.


Message History

You scratch something but do no damage. Something hits you.
You emit a cloud of foul miasma!
Something bites you!
Something draws strength from your injuries!
You scratch something but do no damage. Something hits you but does no damage.
Something bites you but does no damage.
You scratch something but do no damage. Something hits you but does no damage.
Something bites you!
Something draws strength from your injuries!
You closely miss something. Something hits you but does no damage.
Something bites you but does no damage.
You scratch something but do no damage. Something hits you!
Something bites you but does no damage.
You scratch something. You scratch something but do no damage.
Something hits you but does no damage. Something bites you.
Something draws strength from your injuries!
You claw something! Something hits you! Something bites you.
Something draws strength from your injuries!
You miss something. Something hits you!
* * * LOW HITPOINT WARNING * * *
Something bites you but does no damage.
You barely miss something.
You hear some strange, mumbled words.
Something tries to affect you, but you resist.
You barely miss something. Your claw misses something.
Something hits you but does no damage. Something bites you!
* * * LOW HITPOINT WARNING * * *
You focus on the pain.
You feel agile all of a sudden.
Something draws strength from your injuries!
You claw something! Something hits you but does no damage.
Something bites you but does no damage.
You claw something!
You hear some strange, mumbled words.
Something tries to affect you, but you resist.
You barely miss something. Your claw misses something. You miss something.
Something hits you.
* * * LOW HITPOINT WARNING * * *
Something bites you!
You die...

#########.....#####
...................
#########.#.######
..###.#.# #.....#.######
# #..........#..
#.###.##.#####.#.#
...... #.....#.#{#
##########.....#h#
.............###.#
.#########.#.....# ...#
#.#####.# ##.###
#....##.# #.# .....#
####.##.. ... ##.#.#####
#.####...##..
#.#.....####....#.......
..#####...........#....


There were no monsters in sight!

Vanquished Creatures
  3 yaks
  A sky beast (D:6)
  A centaur (D:6)
  A howler monkey (D:5)
  A jelly (D:4)
  4 hounds
  2 orc priests (D:3)
  Jessica (D:2)
  Ijyb (D:3)
  An orc wizard (D:3)
  4 iguanas
  Terence (D:2)
  5 gnolls
  10 adders
  A shadow imp (D:6)
  A white imp (D:5)
  2 ufetubi
  A worm (D:2)
  2 dart slugs
  6 orcs
  3 bats
  7 endoplasms
  2 giant cockroaches
  4 goblins
  12 hobgoblins
  4 kobolds
  8 quokkas
  4 ball pythons
  2 frilled lizards
  5 rats
100 creatures vanquished.

Notes
Turn   | Place    | Note
-------+----------+-------------------------------------------
     0 | D:1      | riojii the Demonspawn Shapeshifter began the quest for the
                  | Orb.
     0 | D:1      | Reached XP level 1. HP: 15/15 MP: 1/1
   414 | D:1      | Gained mutation: You may rarely emit foul miasma when
                  | damaged in melee. [demonic ancestry]
   414 | D:1      | Reached XP level 2. HP: 19/21 MP: 2/2
   466 | D:1      | Reached skill level 3 in Unarmed Combat
   904 | D:2      | Gained mutation: You have sharp fingernails. [demonic
                  | ancestry]
   904 | D:2      | Reached XP level 3. HP: 26/26 MP: 3/3
  1084 | D:2      | Noticed Jessica
  1088 | D:2      | Killed Jessica
  1089 | D:2      | Gained mutation: You have a somewhat thin skeletal
                  | structure. (Dex +2, Stealth+) [demonic ancestry]
  1089 | D:2      | Reached XP level 4. HP: 28/33 MP: 4/4
  1250 | D:2      | Noticed Terence
  1259 | D:2      | Killed Terence
  1529 | D:2      | Gained mutation: You sometimes gain a little power by
                  | taking damage. [demonic ancestry]
  1529 | D:2      | Reached XP level 5. HP: 38/38 MP: 5/5
  1669 | D:2      | Found a faded altar of an unknown god.
  1746 | D:2      | Reached skill level 4 in Unarmed Combat
  2377 | D:3      | Noticed Ijyb
  2387 | D:3      | Killed Ijyb
  2450 | D:3      | Identified the +1 chain mail of Dogmatism {Int+2}
  2537 | D:3      | Identified a scroll of acquirement
  2537 | D:3      | Acquired a manual of Shapeshifting
  2822 | D:3      | Gained mutation: You sometimes emit foul miasma when
                  | damaged in melee. [demonic ancestry]
  2822 | D:3      | Reached XP level 6. HP: 37/46 MP: 6/6
  3442 | D:4      | You fall into a shaft and drop 2 floors!
  3449 | D:5      | Entered Level 5 of the Dungeon
  3592 | D:5      | Noticed a yak
  3592 | D:5      | Noticed a yak
  3594 | D:5      | Noticed a yak
  3607 | D:6      | Killed a yak
  3608 | D:6      | Reached skill level 5 in Unarmed Combat
  3608 | D:6      | Reached XP level 7. HP: 36/52 MP: 7/7
  3680 | D:6      | Found a staircase to the Ecumenical Temple.
  3689 | Temple   | Entered the Ecumenical Temple
  3701 | Temple   | Became a worshipper of Qazlal Stormbringer
  4155 | D:5      | Reached skill level 5 in Shapeshifting
  4350 | D:4      | Found a runed translucent gate.
  4363 | D:4      | Found a runed translucent gate.
  4364 | D:4      | Found a runed translucent gate.
  4368 | D:4      | Noticed Frenzy's ghost (weakling GrMo)
  4368 | D:4      | Noticed IdlyInterested's ghost (amateur DsGl)
  4726 | D:5      | Reached skill level 6 in Unarmed Combat
  4726 | D:5      | Reached XP level 8. HP: 60/60 MP: 8/8
  5010 | D:5      | HP: 3/61 [something (10)]
  5014 | D:5      | Mangled by a vampire

Illustrated notes

Levels and vault maps discovered:
D:1:      minmay_arrival_five_plusses, layout_loops_ring,
          serial_co_window_serial, co_window_of_opportunity_a,
          co_window_paths_b, co_window_corner_a, co_window_paths_a,
          co_window_cross_1, co_window_of_opportunity_b, co_window_corner_b,
          co_window_corner_cb, co_window_corner_b, co_window_4corner_b,
          glass_columns_a, glass_columns_a, glass_columns_a, chequers_garden
D:2:      layout_basic, hellmonk_ecumenical_altar_inner_sanctum,
          grunt_decor_resistance, minmay_hexomino_r4, uniq_terence, uniq_jessica
D:3:      layout_loops_cross, kennysheep_orc_chapel, uniq_ijyb
D:4:      layout_cave_pools, serial_column_ruins, column_ruins_hut_water,
          column_ruins_grid_1, column_ruins_open_tiny, column_ruins_grid_4,
          column_ruins_open_small, column_ruins_open_small_water,
          column_ruins_grid_1, gammafunk_ghost_cemetery, skrybe_limestone_x
D:5:      layout_basic
D:6:      layout_basic, nicolae_overflow_two_pavilions,
          minmay_temple_entry_gardened_gates, nicolae_figureground_pulse,
          uniq_jeremiah
Temple:   mainiacjoe_temple_coin_purse

Skill      XL: |  1  2  3  4  5  6  7 |
---------------+----------------------+-----
Dodging        | 2 3 4 |  4.4
Unarmed Combat | 3 4 5 6 |  6.4
Shapeshifting  | 3 4 5 |  5.5
Fighting       | 2 3 4 |  4.4

Action                     |  1- 3 |  4- 6 |  7- 9 || total
---------------------------+-------+-------+-------++-------
  Melee: Unarmed           |    67 |   161 |   103 ||   331
         Punch             |     1 |     3 |     2 ||     6
    Use: Scroll            |     1 |     6 |       ||     7
         Potion            |       |     1 |       ||     1
   Stab: Sleeping          |       |     4 |       ||     4
 Armour: Animal skin       |    33 |    19 |       ||    52
         Skin              |       |     6 |       ||     6
         Plate armour      |       |    76 |   117 ||   193
         Chain mail        |       |     6 |       ||     6
  Dodge: Dodged            |    37 |    41 |    21 ||    99

Table legend: (Time is in decaauts)
 A = Elapsed time spent in this place.
 B = Non-inter-level travel time spent in this place.
 C = Inter-level travel time spent in this place.
 D = Time resting spent in this place.
 E = Time spent auto-exploring this place.
 F = Levels seen in this place.
 G = Mean time per level.
                   A        B        C        D        E       F      G
               +--------+--------+--------+--------+--------+-----+--------+
         Total |   4986 |   4786 |    200 |      0 |   3994 |   7 |  712.3 |
       Dungeon |   4961 |   4773 |    188 |      0 |   3994 |   6 |  826.8 |
        Temple |     24 |     12 |     12 |      0 |      0 |   1 |   24.0 |
               +--------+--------+--------+--------+--------+-----+--------+

Top non-repeatable levels by time:
     D:2: 1352 daAuts
     D:1: 895 daAuts
     D:3: 863 daAuts
     D:4: 800 daAuts
     D:5: 581 daAuts
     D:6: 468 daAuts
  Temple: 24 daAuts
